 Dungeon Crawl Stone Soup version 0.17.0-56-gd8de76c (console) character file.

102 Kloppie the Gusty (level 4, -1/27 HPs)
             Began as a High Elf Air Elementalist on Dec 5, 2015.
             Slain by a worker ant (8 damage)
             ... on level 4 of the Dungeon.
             The game lasted 00:05:42 (2726 turns).

Kloppie the Gusty (High Elf Air Elementalist)       Turns: 2726, Time: 00:05:42

Health: -1/27      AC:  3    Str:  7    XL:     4   Next: 50%
Magic:  8/8        EV: 13    Int: 19    God:
Gold:   114        SH:  0    Dex: 16    Spells: 3 memorised, 1 level left

rFire  . . .     SeeInvis .     o - -1 quarterstaff
rCold  . . .     Clarity  .     a - +0 robe
rNeg   . . .     SustAt   .     (shield currently unavailable)
rPois  .         Gourm    .     (no helmet)
rElec  .         Spirit   .     l - +0 cloak
rCorr  .         Warding  .     (no gloves)
rMut   .         Stasis   .     (no boots)
MR     .....                    (no amulet)
Stlth  ++........               (no ring)
                                (no ring)

@: not resistant to hostile enchantments, unstealthy
A: no striking features
a: no special abilities


You were on level 4 of the Dungeon.
You were not hungry.

You visited 1 branch of the dungeon, and saw 5 of its levels.

You collected 114 gold pieces.

Inventory:

Hand Weapons
 e - a +0 short sword
 o - a -1 quarterstaff (weapon)
Armour
 a - a +0 robe (worn)
 l - a +0 cloak (worn)
Scrolls
 f - a scroll of remove curse
 h - 2 scrolls of blinking {unknown}
 j - a scroll of amnesia {unknown}
 m - a scroll of teleportation {unknown}
 n - a scroll of identify
Potions
 g - a potion of resistance
Books
 b - a book of Air

   Spells                             Type                      Level
   a - Shock                          Conjuration/Air              1
   b - Swiftness                      Charms/Air                   2
   c - Repel Missiles                 Charms/Air                   2
   d - Static Discharge               Conjuration/Air              3
   e - Lightning Bolt                 Conjuration/Air              5
Comestibles
 c - 3 bread rations
 i - 15 fruits
 k - 2 meat rations


   Skills:
 - Level 2.1 Dodging
 - Level 2.1 Stealth
 - Level 2.4 Spellcasting
 + Level 3.5 Conjurations
 + Level 5.1 Air Magic


You had one spell level left.
You knew the following spells:

 Your Spells              Type           Power        Failure   Level  Hunger
a - Shock                 Conj/Air       ###.         3%          1    #......
b - Swiftness             Chrm/Air       ##......     10%         2    ##.....
c - Static Discharge      Conj/Air       ###.....     12%         3    ###....


Dungeon Overview and Level Annotations

Branches:
Dungeon (5/15)
 Temple: D:4-7

Altars:


Message History

The ogre shouts!
All of the chunks of flesh in your inventory have rotted away.
Found an escape hatch in the floor.
You see here a paperback book.
There is a stone staircase leading up here.
The ogre closely misses you.
You climb upwards.
The ogre shouts!
A worker ant comes into view.
The worker ant twitches its antennae in your direction.
Found a scroll labeled TEDEBE KEKK.
There is a stone staircase leading down here.
The ogre hits you with a giant club!!
Ouch! That really hurt!
* * * LOW HITPOINT WARNING * * *
The worker ant waves its antennae.
The ogre barely misses you. The ogre barely misses you.
The worker ant bites you!
You die...

+......# #.......
+##......#####.......
.....................
....................#
....................#
.....####+#....O....#
..... #....O....#
..... #....a....# ..
###+##@...+ #....#
#....# #....# #....#
#....# #....# #....#


You could see 2 ogres and a worker ant.

Vanquished Creatures
  4 adders
  5 giant geckos
  2 orcs (D:3)
  4 bats
  8 goblins
  7 hobgoblins
  2 jackals (D:3)
  A ball python (D:1)
  6 giant cockroaches
  2 giant newts (D:2)
  11 kobolds
  6 rats
58 creatures vanquished.

Notes
Turn   | Place    | Note
--------------------------------------------------------------
     0 | D:1      | Kloppie the High Elf Air Elementalist began the quest for the Orb.
     0 | D:1      | Reached XP level 1. HP: 11/11 MP: 4/4
   508 | D:1      | Reached skill level 4 in Air Magic
   611 | D:1      | Reached XP level 2. HP: 17/17 MP: 4/6
  1427 | D:1      | Learned a level 2 spell: Swiftness
  1434 | D:2      | Reached XP level 3. HP: 21/21 MP: 4/7
  1567 | D:1      | Learned a level 3 spell: Static Discharge
  2070 | D:2      | Reached XP level 4. HP: 27/27 MP: 4/8
  2370 | D:3      | Reached skill level 5 in Air Magic
  2683 | D:3      | You fall through a shaft for 2 floors!
  2683 | D:5      | Entered Level 5 of the Dungeon
  2699 | D:5      | Noticed an ogre
  2706 | D:4      | Noticed an ogre
  2726 | D:4      | Slain by a worker ant

Action                   |  1- 3 |  4- 6 || total
-------------------------+-------+-------++-------
Melee: Short sword       |     4 |       ||     4
       Quarterstaff      |       |    38 ||    38
 Cast: Shock             |    67 |    12 ||    79
  Use: Scroll            |     2 |       ||     2
 Stab: Sleeping          |     1 |     2 ||     3
  Eat: Chunk             |     4 |     2 ||     6
